 Dungeon Crawl Stone Soup version 0.22.1 (webtiles) character file.

7641 topirishpotato the Blocker (level 11, 0/78 HPs)
             Began as a Formicid Fighter on Sept 18, 2018.
             Was a Priest of Okawaru.
             Slain by a death knight
             ... wielding a +2 battleaxe
              (21 damage)
             ... on level 13 of the Dungeon.
             The game lasted 00:24:57 (11550 turns).

topirishpotato the Blocker (Formicid Fighter)      Turns: 11550, Time: 00:24:57

Health: 0/78       AC: 16    Str: 21    XL:     11   Next: 41%
Magic:  13/13      EV: 10    Int:  8    God:    Okawaru [***...]
Gold:   750        SH: 14    Dex: 13    Spells: 10/10 levels left

rFire    + . .     SeeInvis +   s - +2 mace (venom)
rCold    . . .     Gourm    .   c - +1 shield
rNeg     . . .     Faith    .   a - +0 chain mail
rPois    .         Spirit   .   (helmet unavailable)
rElec    .         Reflect  .   v - +2 cloak
rCorr    .         Harm     .   (no gloves)
MR       +....                  (no boots)
Stlth    ..........             (no amulet)
HPRegen  0.23/turn              g - ring of fire
MPRegen  0.13/turn              p - ring of protection from cold

@: flying
A: permanent stasis, dig shafts and tunnels, four strong arms, antennae 3
a: Dig, Shaft Self, Heroism, Renounce Religion


You were on level 13 of the Dungeon.
You worshipped Okawaru.
Okawaru was most pleased with you.
You were hungry.

You visited 2 branches of the dungeon, and saw 12 of its levels.

You collected 750 gold pieces.

Inventory:

Hand Weapons
 s - a +2 mace of venom (weapon)
Armour
 a - a +0 chain mail (worn)
 c - a +1 shield (worn)
 v - a +2 cloak (worn)
 w - a +0 plate armour
Jewellery
 g - a ring of fire (left hand)
 i - an uncursed ring of wizardry
 j - an uncursed ring of fire
 p - a ring of protection from cold (right hand)
Wands
 l - a wand of flame (26)
 n - a wand of iceblast (9)
 u - a wand of random effects (33)
Scrolls
 b - a scroll of fear
 d - 4 scrolls of fog
 e - 3 scrolls of magic mapping
 k - 5 scrolls of remove curse
 o - 2 scrolls of identify
Potions
 m - 2 potions of lignification
Comestibles
 f - 21 rations


   Skills:
 + Level 4.8 Fighting
   Level 2.0 Axes
 - Level 0.3(1.2) Maces & Flails
 * Level 12.4 Armour
 + Level 3.9 Dodging
 - Level 13.2 Shields
 * Level 3.0 Invocations


You had 10 spell levels left.
You didn't know any spells.
Your spell library contained the following spells:

 Spells                   Type           Power        Failure   Level  Hunger
 Animate Skeleton         Necr           N/A          94%         1    ##.....
 Beastly Appendage        Tmut           #.....       94%         1    ##.....
 Pain                     Necr           #...         94%         1    ##.....
 Summon Small Mammal      Summ           #...         94%         1    ##.....
 Call Imp                 Summ           #.......     98%         2    ###....
 Sticks to Snakes         Tmut           #.......     98%         2    ###....
 Call Canine Familiar     Summ           #.......     100%        3    ####...
 Regeneration             Chrm/Necr      #.........   100%        3    ####...
 Spider Form              Tmut/Pois      #.........   100%        3    ####...
 Summon Guardian Golem    Hex/Summ       #.......     100%        3    ####...
 Vampiric Draining        Necr           #.........   100%        3    ####...
 Animate Dead             Necr           N/A          100%        4    #####..
 Ice Form                 Ice/Tmut       #.......     100%        4    #####..
 Summon Ice Beast         Ice/Summ       #.......     100%        4    #####..
 Summon Lightning Spire   Summ/Air       #.......     100%        4    #####..
 Blade Hands              Tmut           #.........   100%        5    ######.


Dungeon Overview and Level Annotations

Branches:
Dungeon (10/15)            Temple (1/1) D:5            Lair (0/6) D:10
    Orc: D:9-12

Altars:
Ashenzari
Cheibriados
Dithmenos
Elyvilon
Fedhas
Gozag
Hepliaklqana
Kikubaaqudgha
Makhleb
Nemelex Xobeh
Okawaru
Qazlal
Ru
Sif Muna
Trog
Uskayaw
Vehumet
Wu Jian
Xom
Yredelemnul
Zin
The Shining One
Lugonu


Innate Abilities, Weirdness & Mutations

You cannot be hasted, slowed, berserked, paralysed or teleported.
You can dig through walls and to a lower floor.
Your four strong arms can wield two-handed weapons with a shield.
You have a pair of large antennae on your head. (SInv)


Message History

A shaft appears beneath you!
You fall through a shaft for 3 floors!
The shaft crumbles and collapses.
You start resting.
You sense a monster nearby.
You start resting.
A death knight comes into view. It is wielding an enchanted battleaxe.
The death knight shouts!
The death knight offers itself to Yredelemnul, and fills with unholy energy.
It was a potion of flight.
You feel very buoyant.
You fly up into the air.
It was a potion of berserk rage.
Your stasis prevents you from going berserk.
You closely miss the death knight. The death knight misses you.
A wraith comes into view.
You hit the death knight but do no damage.
The death knight is poisoned.
The death knight hits you with an enchanted battleaxe!!
You die...

#.#
#.#
#.#
#.#
#.#
#.#
#.#
#@#
#p#
#.#
#.#
#.W
{{
####


You could see a death knight and a wraith.

Vanquished Creatures
  An unseen horror (D:10)
  2 trolls (D:9)
  A slime creature (D:7)
  2 hippogriffs
  A spriggan (D:7)
  A wyvern (D:8)
  8 yaks
  Edmund (D:6)
  3 orc warriors
  3 sky beasts
  A phantom (D:8)
  4 centaurs
  7 ogres
  A necrophage (D:7)
  2 big kobolds
  7 bullfrogs
  A scorpion (D:7)
  10 wights (D:7)
  3 howler monkeys (D:7)
  3 centaur zombies
  7 crimson imps
  A bullfrog zombie (D:8)
  3 jellies
  2 centaur skeletons
  3 hounds
  An orc priest (D:4)
  4 orc wizards
  2 bullfrog skeletons
  An iguana (D:6)
  Ijyb (D:3)
  9 worker ants
  2 howler monkey zombies
  A worker ant zombie (D:7)
  4 gnolls
  13 adders
  4 shadow imps
  6 adder skeletons
  7 worms
  A dart slug (D:2)
  6 leopard geckos
  46 orcs
  11 bats
  A giant cockroach (D:1)
  6 goblins
  9 hobgoblins
  7 jackals
  4 quokkas
  2 ball pythons (D:1)
  A ball python zombie (D:5)
  5 frilled lizards
  A jackal zombie (D:5)
  56 kobolds
  2 leopard gecko zombies
  A quokka zombie (D:8)
  2 rats (D:1)
  5 fungi (D:1)
299 creatures vanquished.

Vanquished Creatures (others)
  A wizard (D:4)
  A fungus (D:1)
2 creatures vanquished.

Grand Total: 301 creatures vanquished

Notes
Turn   | Place    | Note
-------+----------+-------------------------------------------
     0 | D:1      | topirishpotato the Formicid Fighter began the quest for the
                  | Orb.
     0 | D:1      | Reached XP level 1. HP: 18/18 MP: 1/1
   275 | D:1      | Reached XP level 2. HP: 24/24 MP: 2/2
   324 | D:1      | Found a shattered altar of Ashenzari.
   330 | D:1      | Reached skill level 4 in Shields
   850 | D:1      | Reached XP level 3. HP: 28/29 MP: 3/3
  1079 | D:2      | Found a faded altar of an unknown god.
  1290 | D:2      | Found a white marble altar of Elyvilon.
  1405 | D:2      | Reached XP level 4. HP: 35/35 MP: 4/4
  1468 | D:2      | Reached skill level 5 in Shields
  1834 | D:3      | Reached XP level 5. HP: 32/41 MP: 5/5
  2433 | D:3      | Noticed Ijyb
  2476 | D:3      | Killed Ijyb
  2476 | D:3      | Reached skill level 5 in Armour
  3167 | D:4      | Found a bloodstained altar of Trog.
  3169 | D:4      | Noticed a wizard
  3174 | D:4      | Killed a wizard
  3199 | D:4      | Reached XP level 6. HP: 40/47 MP: 6/6
  3284 | D:4      | Reached skill level 6 in Shields
  4027 | D:4      | Reached skill level 1 in Dodging
  4122 | D:4      | Reached XP level 7. HP: 48/52 MP: 7/7
  4286 | D:4      | Reached skill level 7 in Shields
  4762 | D:5      | Entered Level 5 of the Dungeon
  4870 | D:4      | Reached skill level 8 in Shields
  5276 | D:5      | Found a staircase to the Ecumenical Temple.
  5290 | Temple   | Entered the Ecumenical Temple
  5463 | D:5      | Found a burning altar of Makhleb.
  5478 | D:5      | Reached XP level 8. HP: 58/58 MP: 8/8
  5851 | D:6      | Found a radiant altar of Vehumet.
  5851 | D:6      | Noticed Edmund
  5872 | D:6      | Killed Edmund
  5872 | D:6      | Reached skill level 9 in Shields
  6204 | D:6      | Noticed a yak
  6205 | D:6      | Noticed a yak
  6207 | D:6      | Noticed a yak
  6222 | D:6      | Killed a yak
  6222 | D:6      | Reached skill level 10 in Shields
  6222 | D:6      | Reached XP level 9. HP: 45/64 MP: 9/9
  6793 | D:7      | Found a basalt altar of Yredelemnul.
  6820 | D:7      | Reached skill level 11 in Shields
  6895 | D:7      | Found an ornate altar of the Wu Jian Council.
  7511 | D:7      | Reached XP level 10. HP: 25/70 MP: 10/10
  7531 | D:7      | Reached skill level 12 in Shields
  7760 | D:7      | Reached skill level 10 in Armour
  7987 | D:7      | Found a blossoming altar of Fedhas.
  8376 | D:7      | Reached skill level 13 in Shields
  8728 | D:8      | Found an iron altar of Okawaru.
  8728 | D:8      | Found a hazy altar of Hepliaklqana.
  8733 | D:8      | Became a worshipper of Warmaster Okawaru
  8836 | D:8      | Got a shimmering leather armour
  8847 | D:8      | Identified the +1 leather armour of Lyalet {Str+3 Dex+2}
                  | (You found it on level 8 of the Dungeon)
  9671 | D:8      | Found a glowing golden altar of the Shining One.
  9673 | D:8      | Found a sacrificial altar of Ru.
  9683 | D:8      | Reached * piety under Okawaru
  9951 | D:8      | Found a shimmering altar of Xom.
 10158 | D:9      | Reached skill level 1 in Invocations
 10158 | D:9      | Reached XP level 11. HP: 29/76 MP: 11/11
 10820 | D:9      | Found a sparkling altar of Nemelex Xobeh.
 10820 | D:9      | Found an opulent altar of Gozag.
 10896 | D:10     | Entered Level 10 of the Dungeon
 10909 | D:10     | Noticed an unseen horror
 10939 | D:10     | Reached ** piety under Okawaru
 10957 | D:10     | Killed an unseen horror
 11332 | D:10     | Reached *** piety under Okawaru
 11503 | D:10     | Got a twisted trident
 11504 | D:10     | Identified the cursed +2 trident "Tasepp" {pierce, rC+
                  | Stlth+} (You found it on level 10 of the Dungeon)
 11519 | D:10     | Found a staircase to the Lair.
 11536 | D:10     | You fall through a shaft for 3 floors!
 11544 | D:13     | Noticed a death knight
 11550 | D:13     | Slain by a death knight

Skill      XL: |  1  2  3  4  5  6  7  8  9 10 11 |
---------------+----------------------------------+-----
Shields        | 4 5 6 8 10 11 13 | 13.2
Armour         | 4 5 6 8 9 11 12 | 12.4
Dodging        | 1 2 3 |  3.9
Invocations    | 1 3 |  3.0
Fighting       | 4 |  4.8
Axes           | |  2.0
Maces & Flails | |  0.3

Action                   |  1- 3 |  4- 6 |  7- 9 | 10-12 || total
-------------------------+-------+-------+-------+-------++-------
Melee: War axe           |   128 |    49 |       |       ||   177
       Hand axe          |       |   208 |       |       ||   208
       Mace              |       |    60 |   501 |   429 ||   990
 Abil: Shaft Self        |       |       |       |     1 ||     1
  Use: Scroll            |       |     5 |     5 |     4 ||    14
       Potion            |       |       |     4 |    13 ||    17
 Stab: Invisible         |       |       |       |     2 ||     2
  Eat: Chunk             |     1 |    10 |     1 |     8 ||    20
       Ration            |       |       |     3 |     2 ||     5
Armor: Scale mail        |    52 |    90 |       |       ||   142
       Chain mail        |       |    72 |   242 |   181 ||   495
       Skin              |       |       |       |    23 ||    23
Dodge: Dodged            |    37 |   121 |   169 |   141 ||   468
Block: Shield            |    57 |   185 |   406 |   415 ||  1063
